 Dungeon Crawl Stone Soup version 0.19-a0-1238-gee6bd96 (webtiles) character file.

222 epen the Ducker (level 5, -2/25 HPs)
             Began as a Felid Monk on Aug 26, 2016.
             Was a Believer of Dithmenos.
             Killed from afar by an orc wizard (7 damage)
             ... with a magic dart
             ... on level 5 of the Dungeon.
             The game lasted 00:07:36 (6316 turns).

epen the Ducker (Felid Monk)                        Turns: 6316, Time: 00:07:37

Health: -2/25      AC:  1    Str:  7    XL:     5   Next: 66%
Magic:  6/6        EV: 21    Int: 12    God:    Dithmenos [**....]
Gold:   41         SH:  0    Dex: 19    Spells: 0 memorised, 4 levels left
                                        Lives:  0   Deaths: 1

rFire  . . .     SeeInvis +       - Unarmed
rCold  . . .     Gourm    .     (armour unavailable)
rNeg   . . .     Faith    .     (shield unavailable)
rPois  .         Spirit   .     (helmet unavailable)
rElec  .         Dismiss  .     (cloak unavailable)
rCorr  +         Reflect  .     (gloves unavailable)
MR     .....     Harm     .     (boots unavailable)
Stlth  +++++.....               b - amulet of magic regeneration
                                m - ring of resist corrosion
                                j - ring of wizardry

@: about to teleport, slowed, wreathed by umbra, slow
A: no armour, no weapons or thrown items, claws 1, fangs 3, see invisible,
carnivore 3, speed 1, shaggy fur 1, slow metabolism 1, sharp paws
a: Shadow Step, Renounce Religion


You were on level 5 of the Dungeon.
You worshipped Dithmenos.
Dithmenos was pleased with you.
You were very full.

You visited 1 branch of the dungeon, and saw 5 of its levels.

You collected 96 gold pieces.
You spent 55 gold pieces at shops.

Inventory:

Jewellery
 b - an amulet of magic regeneration (around neck)
 j - a ring of wizardry (left paw)
 m - a ring of resist corrosion (right paw)
Scrolls
 g - a scroll of fog
 i - a scroll of teleportation
 k - a scroll of noise {unknown}
 o - a scroll of amnesia
Potions
 c - 2 potions of heal wounds
 d - a potion of invisibility
 e - a potion of brilliance {unknown}
 f - a potion of lignification
 l - a potion of ambrosia
 r - a potion of magic
Comestibles
 a - 2 meat rations
 h - 3 beef jerkies
 n - a slice of pizza


   Skills:
 + Level 3.8 Fighting
 + Level 5.5 Dodging
 + Level 5.4 Stealth
 * Level 4.5 Unarmed Combat
 * Level 0.2 Invocations


You had 4 spell levels left.
You didn't know any spells.

Dungeon Overview and Level Annotations

Branches:
Dungeon (5/15)
 Temple: D:4-7

Altars:
Cheibriados
Dithmenos
Fedhas
Kikubaaqudgha
Trog
Xom

Shops:
D:4 *

Annotations:
D:4 exclusion: oklob plant


Innate Abilities, Weirdness & Mutations

You cannot wear armour.
You are incapable of wielding weapons or throwing items.
You have sharp claws.
You have razor-sharp teeth.
You have supernaturally acute eyesight. (SInv)
You are carnivorous and can eat meat at any time.
You cover ground quickly.
You are covered in fur. (AC +1)
You have a slow metabolism.
Your sharp claws are effective at attacking unaware monsters.


Message History

Unknown command.
Okay, then.
As you read the scroll of teleportation, it crumbles to dust.
You feel strangely unstable. The orc wizard misses you.
The orc wizard gestures wildly while chanting.
The orc wizard blinks!
The orc completely misses you.
The orc wizard gestures wildly while chanting.
The orc wizard seems to speed up.
The orc wizard mumbles some strange words.
The orc wizard blinks!
You barely miss the orc wizard.
The orc wizard is heavily wounded.
The orc wizard points at you and mumbles some strange words.
The magic dart hits you!
* * * LOW HITPOINT WARNING * * *
The orc hits you with a club.
* * * LOW HITPOINT WARNING * * *
The orc wizard casts a spell at you. The magic dart hits you!
You die...

####### #.....# ###
#.....# ..+ #)....# ...#
#.....# ...# #.....#####
..o.#
###'###...####.§..#
#..........#......##
#..........@o.§.....
#..........#o.......
######..###...####....##
##...##..####### ....#
#..>).......... ...#
#.............. .....
##............. ....
#............. ..##
#.....####.##.


You could see 2 orc wizards and an orc.

Vanquished Creatures
  An iguana (D:4)
  An orc wizard (D:4)
  3 worker ants (D:4)
  Robin (D:3)
  A gnoll (D:2)
  2 adders
  An ooze (D:2)
  An adder zombie (D:5)
  An adder skeleton (D:4)
  2 worms (D:2)
  8 dart slugs
  4 giant geckos
  7 orcs (D:3)
  4 bats
  6 giant cockroaches
  12 goblins
  11 hobgoblins
  2 jackals (D:2)
  2 kobolds
  A quokka (D:2)
  2 ball pythons (D:4)
  4 giant newts (D:1)
  4 rats
  A rat zombie (D:3)
82 creatures vanquished.

Vanquished Creatures (others)
  A giant cockroach (D:1)
  A goblin (D:1)
  A hobgoblin (D:1)
  A giant newt (D:3)
4 creatures vanquished.

Grand Total: 86 creatures vanquished

Notes
Turn   | Place    | Note
-------+----------+-------------------------------------------
     0 | D:1      | epen the Felid Monk began the quest for the Orb.
     0 | D:1      | Reached XP level 1. HP: 10/10 MP: 2/2
   276 | D:1      | Reached XP level 2. HP: 14/14 MP: 3/3
   725 | D:2      | Reached XP level 3. HP: 8/17 MP: 4/4
  1249 | D:2      | Found a bloodstained altar of Trog.
  1748 | D:2      | Found a snail-covered altar of Cheibriados.
  1751 | D:2      | Found a shimmering altar of Xom.
  1858 | D:3      | Reached XP level 4. HP: 17/21 MP: 5/5
  3034 | D:2      | Reached skill level 5 in Dodging
  3348 | D:3      | Found an ancient bone altar of Kikubaaqudgha.
  3511 | D:3      | Mangled by an orc priest
  3512 | D:3      | Reached XP level 3. HP: -7/17 MP: 4/4
  3534 | D:3      | Noticed Robin
  4180 | D:3      | Reached XP level 4. HP: 21/21 MP: 5/5
  4213 | D:3      | Killed Robin
  4763 | D:4      | Reached skill level 5 in Stealth
  4953 | D:4      | Reached XP level 5. HP: 11/25 MP: 6/6
  5343 | D:4      | Found a shadowy altar of Dithmenos.
  5351 | D:4      | Became a worshipper of Dithmenos the Shadowed
  5351 | D:4      | Reached * piety under Dithmenos
  5351 | D:4      | Reached ** piety under Dithmenos
  5630 | D:4      | Found a blossoming altar of Fedhas.
  5654 | D:4      | Noticed an oklob plant
  5795 | D:4      | Found Yleseid's General Store.
  5803 | D:4      | Bought a potion of heal wounds for 55 gold pieces
  6260 | D:5      | Entered Level 5 of the Dungeon
  6316 | D:5      | Killed from afar by an orc wizard

Vault maps used:
D:1:      lemuel_arrival_broad_hall, lemuel_flame_loot_1
D:2:      nicolae_overflow_hidden_temple
D:3:      kennysheep_slugbush, lemuel_zombie_altar_kikubaaqudgha, uniq_robin
D:4:      lemuel_coloured_pillars_altar, tgw_fedhas, serial_shops, shop
D:5:      nicolae_gozag_cash_rules_everything_around_me, first_bread,
          chequers_ossuary_entry_cave, serial_shops, shop,
          minmay_misc_feat_square

Skill      XL: |  1  2  3  4 |
---------------+-------------+-----
Stealth        | 3 4 5 |  5.4
Dodging        | 5 |  5.5
Unarmed Combat | 4 |  4.5
Fighting       | |  3.8
Invocations    | |  0.2

Action                   |  1- 3 |  4- 6 || total
-------------------------+-------+-------++-------
Melee: Unarmed           |   105 |   143 ||   248
       Punch             |     2 |     2 ||     4
       Bite              |     6 |    16 ||    22
  Use: Scroll            |       |    14 ||    14
       Potion            |       |     1 ||     1
 Stab: Sleeping          |    12 |     6 ||    18
       Distracted        |     1 |       ||     1
  Eat: Chunk             |    16 |     6 ||    22
Armor: Skin              |     1 |     1 ||     2
Dodge: Dodged            |    81 |   112 ||   193
